 Dungeon Crawl Stone Soup version 0.30-a0-722-g3e6e8c874d (webtiles) character file.

Game seed: 3285387848050939335

208 Arximoufas the Conjurer (level 5, -1/28 HPs)
             Began as a Deep Elf Conjurer on Jan 28, 2023.
             Splashed by a jelly's acid (9 damage)
             ... in a sewer.
             The game lasted 00:08:11 (2587 turns).

Arximoufas the Conjurer (Deep Elf Conjurer)         Turns: 2587, Time: 00:08:12

Health: -1/28      AC: -11   Str:  4    XL:     5   Next: 55%
Magic:  8/11       EV: 12    Int: 25    God:
Gold:   64         SH:  0    Dex: 13    Spells: 9/10 levels left

rFire   . . .      SeeInvis +    (no weapon)
rCold   . . .      Faith    .    (no shield)
rNeg    + . .      Spirit   .    l - +0 robe {rN+}
rPois   .          Reflect  .    j - +0 helmet
rElec   .          Harm     .    (no cloak)
rCorr   .          Rampage  .    f - +1 pair of gloves
Will    .....                    (no boots)
Stlth   +++                      (no amulet)
HPRegen 0.24/turn                h - ring of see invisible
MPRegen 0.12/turn                (no ring)

@: weak-willed, corroded
A: no striking features
a: no special abilities


You were in a sewer.
You visited 1 branch of the dungeon, and saw 3 of its levels.
You also visited: Sewer.

You collected 64 gold pieces.

Inventory:

Armour
 f - a +1 pair of gloves (worn)
 j - a +0 helmet (worn)
 l - a +0 robe of positive energy (worn)
Jewellery
 h - a ring of see invisible (left hand)
Scrolls
 d - a scroll of blinking
 e - a scroll of vulnerability
 k - a scroll of enchant armour {unknown}
Potions
 a - a potion of flight {unknown}
 b - 2 potions of magic
 c - a potion of curing
 g - 2 potions of haste {unknown}
 i - a potion of brilliance {unknown}


   Skills:
 - Level 2.4 Dodging
 - Level 5.0 Stealth
 - Level 3.0 Spellcasting
 + Level 6.6 Conjurations


You had 9 spell levels left.
You knew the following spells:

 Your Spells              Type           Power      Damage    Failure   Level
a - Magic Dart            Conj           100%       1d8       1%          1

Your spell library contained the following spells:

 Spells                   Type           Power      Damage    Failure   Level
 Searing Ray              Conj           72%        2d7       1%          2
 Dazzling Flash           Conj/Hex       40%        N/A       8%          3
 Fulminant Prism          Conj/Hex       10%        3d9       26%         4
 Iskenderun's Mystic Bla  Conj/Tloc      20%        2d6       26%         4


Dungeon Overview and Level Annotations

Branches:
Dungeon (3/15)              Sewer (1/1)

Altars:

Annotations:
D:2 Sigmund


Message History

* * * LOW HITPOINT WARNING * * *
Unknown command.
It was a potion of curing.
You feel better. The adder bites you. The jelly barely misses you.
The adder closely misses you.
Aiming: Magic Dart (safe; 1% risk of failure)
Press: ? - help, Q - select action Shift-Dir - straight line, f/p - adder
Aim: an adder (moderately wounded, weak-willed, 100% to hit)
The magic dart hits the adder!
You kill the adder!
The jelly hits you. The acid corrodes you!
You are splashed with acid!
* * * LOW HITPOINT WARNING * * *
You feel better. The jelly misses you. The endoplasm closely misses you.
You don't have enough magic to cast this spell.
You don't have enough magic to cast this spell.
Magic courses through your body. The jelly misses you.
The endoplasm freezes you.
You are frozen.
Aiming: Magic Dart (safe; 1% risk of failure)
Press: ? - help, Q - select action Shift-Dir - straight line, f - endoplasm
Aim: an endoplasm (severely wounded, weak-willed, 100% to hit)
The magic dart hits the endoplasm.
You kill the endoplasm!
The jelly hits you. The acid corrodes you!
You are splashed with acid.
Aiming: Magic Dart (safe; 1% risk of failure)
Press: ? - help, Q - select action Shift-Dir - straight line, f - rat
Aim: a rat (weak-willed, 100% to hit)
The magic dart hits the rat.
You kill the rat!
The jelly hits you. The acid corrodes you!
You are splashed with acid!
* * * LOW HITPOINT WARNING * * *
You feel better. The jelly closely misses you.
Aiming: Magic Dart (safe; 1% risk of failure)
Press: ? - help, Q - select action Shift-Dir - straight line, f - jelly
Aim: a jelly (moderately wounded, weak-willed, 100% to hit)
The magic dart hits the jelly.
The jelly is heavily wounded.
The jelly hits you.
* * * LOW HITPOINT WARNING * * *
You are splashed with acid!
You die...

#..# #~..~~...#
#.~# ##########
#~.## ##### #~..#
#..~## ##~~## ...~#
#..~### #~~#
#~.~.~## ##..####
##...~~####~†~~~.##
###.~~.##~~@J..~.#
##...~...###.~~.~~#
##~~..~## ##.~~~~~#
#~.~~## ~.##~..
#.~~~~.~ ..# .~
#.~~.~.~~# ~~# .
#.~~#~.~.~~~ ∩##
.~..##~..#~~.~##
#~~.# ##.~#####


You could see a jelly (weak-willed).

Vanquished Creatures
  A jelly (Sewer)
  Natasha (twice) (D:2)
  4 adders
  3 river rats (D:3)
  4 dart slugs
  4 ball pythons
  3 bats
  12 endoplasms
  3 giant cockroaches
  A goblin (D:2)
  3 hobgoblins
  6 kobolds
  3 quokkas (D:3)
  4 frilled lizards
  6 rats
59 creatures vanquished.

Notes
Turn   | Place    | Note
-------+----------+-------------------------------------------
     0 | D:1      | Arximoufas the Deep Elf Conjurer began the quest for the
                  | Orb.
     0 | D:1      | Reached XP level 1. HP: 10/10 MP: 6/6
   310 | D:1      | Reached XP level 2. HP: 15/15 MP: 4/8
   875 | D:2      | Noticed Sigmund
  1031 | D:2      | Reached skill level 5 in Conjurations
  1031 | D:2      | Reached XP level 3. HP: 19/19 MP: 3/9
  1760 | D:2      | Noticed Natasha
  1771 | D:2      | Killed Natasha
  1772 | D:2      | Reached XP level 4. HP: 10/24 MP: 3/10
  1937 | D:2      | Noticed Natasha
  1944 | D:2      | Killed Natasha
  2157 | D:3      | Reached skill level 5 in Stealth
  2162 | D:3      | Reached XP level 5. HP: 16/28 MP: 3/11
  2276 | D:3      | Reached skill level 6 in Conjurations
  2350 | D:3      | Found a glowing drain.
  2354 | Sewer    | Entered a sewer
  2587 | Sewer    | Splashed by a jelly's acid

Illustrated notes

Levels and vault maps discovered:
D:1:      lightli_iron_boxes, layout_basic, minmay_pentomino_r4
D:2:      layout_basic, patterned_corridor, uniq_natasha, uniq_sigmund
D:3:      minmay_general_purpose_star, layout_rooms,
          shapermc_ecumenical_altar_ellora, gup_sewer_entry_bowl
Sewer:    sewer_hellmonk_slimy_pipes

Skill      XL: |  1  2  3  4  5 |
---------------+----------------+-----
Stealth        | 3 4 5 |  5.0
Conjurations   | 5 6 |  6.6
Dodging        | |  2.4
Spellcasting   | |  3.0

Action                     |  1- 3 |  4- 6 || total
---------------------------+-------+-------++-------
  Melee: Unarmed           |       |     6 ||     6
   Cast: Magic Dart        |    64 |    73 ||   137
    Use: Potion            |       |     4 ||     4
         Scroll            |       |     3 ||     3
 Armour: Robe              |     5 |    10 ||    15
  Dodge: Dodged            |    11 |    34 ||    45

Table legend: (Time is in decaauts)
 A = Elapsed time spent in this place.
 B = Non-inter-level travel time spent in this place.
 C = Inter-level travel time spent in this place.
 D = Time resting spent in this place.
 E = Time spent auto-exploring this place.
 F = Levels seen in this place.
 G = Mean time per level.
                   A        B        C        D        E       F      G
               +--------+--------+--------+--------+--------+-----+--------+
         Total |   2611 |   2533 |     78 |    608 |   1132 |   4 |  652.8 |
       Dungeon |   2367 |   2289 |     78 |    564 |    986 |   3 |  789.0 |
         Sewer |    243 |    243 |      0 |     44 |    146 |   1 |  243.0 |
               +--------+--------+--------+--------+--------+-----+--------+

Top non-repeatable levels by time:
     D:2: 1124 daAuts
     D:1: 975 daAuts
     D:3: 268 daAuts
   Sewer: 243 daAuts
